 Dungeon Crawl Stone Soup version 0.25.1-2-g60ff931df9 (webtiles) character file.

Game seed: 10941260435631358064

188240 Johnny the Earth Mage (level 17, -13/111 HPs)
             Began as a Demigod Earth Elementalist on Oct 25, 2020.
             Killed from afar by Nikola (16 damage)
             ... with a chain lightning
             ... on level 2 of the Swamp.
             The game lasted 00:56:51 (43678 turns).

Johnny the Earth Mage (Demigod Earth Elementalist) Turns: 43678, Time: 00:56:52

Health: -13/111    AC: 13    Str: 11    XL:     17   Next: 30%
Magic:  26/44      EV: 12    Int: 35    God:
Gold:   5086       SH:  7    Dex: 20    Spells: 24/51 levels left

rFire    . . .     SeeInvis .   I - staff of energy
rCold    + . .     Gourm    .   T - +0 buckler
rNeg     . . .     Faith    .   Q - +2 robe {Archmagi}
rPois    .         Spirit   .   t - +2 helmet
rElec    .         Reflect  .   D - +2 cloak
rCorr    .         Harm     .   j - +0 pair of gloves
MR       +....                  w - +1 pair of boots
Stlth    ++........             P - amulet of regeneration
HPRegen  0.68/turn              k - +6 ring of intelligence
MPRegen  0.29/turn              W - ring "Iwaset" {Wiz rC+ Dex+4}

@: studying Translocations
A: high mp 1
a: no special abilities


You were on level 2 of the Swamp.
You were not hungry.

You visited 5 branches of the dungeon, and saw 28 of its levels.

You collected 7656 gold pieces.
You spent 2570 gold pieces at shops.

Inventory:

Hand Weapons
 e - the +8 autumn katana {vorpal, Clar}
   (You took it off a deep elf demonologist on level 3 of the Elven Halls)

   It inflicts extra damage upon your enemies.
   It protects you against confusion.
Missiles
 b - 403 stones (quivered)
Armour
 j - a +0 pair of gloves (worn)
 t - a +2 helmet (worn)
 v - the +1 ring mail of Melancholy {rPois MP+9 Dex+3}
   (You found it on level 4 of the Dungeon)

   It affects your dexterity (+3).
   It protects you from poison.
   It affects your magic capacity (+9).
 w - a +1 pair of boots (worn)
 D - a +2 cloak (worn)
 J - the +0 leather armour of Autumn {rC++ Str-3 SInv Stlth+, unknown}
   (You found it on level 1 of the Swamp)

   It affects your strength (-3).
   It greatly protects you from cold.
   It lets you see invisible.
   It makes you more stealthy.
 Q - a +2 robe of the Archmagi (worn)
 T - a +0 buckler (worn)
Magical Staves
 I - an uncursed staff of energy (weapon)
Jewellery
 k - a +6 ring of intelligence (left hand)
 P - an amulet of regeneration (around neck)
 V - an uncursed ring of resist corrosion
 W - the ring "Iwaset" (right hand) {Wiz rC+ Dex+4}
   (You bought it in a shop on level 2 of the Orcish Mines)

   [ring of wizardry]

   It improves your spell success rate.
   It affects your dexterity (+4).
   It protects you from cold.
Wands
 N - a wand of paralysis (13)
 O - a wand of acid (12)
 Y - a wand of clouds (2)
 Z - a wand of iceblast (6)
Scrolls
 a - 7 scrolls of blinking
 f - 10 scrolls of teleportation
 g - 15 scrolls of remove curse
 m - 4 scrolls of enchant armour
 p - 9 scrolls of fog
 s - 4 scrolls of immolation
 x - a scroll of fear
 E - 8 scrolls of magic mapping
 M - a scroll of vulnerability
 S - 2 scrolls of holy word
 X - a scroll of noise
Potions
 c - 2 potions of berserk rage
 h - 5 potions of cancellation
 i - 2 potions of resistance
 n - 2 potions of lignification
 o - 5 potions of mutation
 q - a potion of ambrosia
 r - 6 potions of flight
 u - 4 potions of heal wounds
 z - 2 potions of brilliance
 A - 5 potions of might
 B - 3 potions of invisibility {unknown}
 C - 11 potions of curing
 G - 3 potions of haste
 H - 3 potions of magic
Books
 y - a manual of Translocations
Miscellaneous
 l - 4 phantom mirrors
 L - a box of beasts
 R - a tin of tremorstones (3/3)
 U - a phial of floods
Comestibles
 d - 28 rations
 F - 4 chunks of flesh


   Skills:
 - Level 1.7 Dodging
 - Level 1.7 Stealth
 - Level 7.8 Shields
 * Level 17.9 Spellcasting
 + Level 4.3 Translocations
 - Level 0.8 Transmutations
 - Level 19.7 Earth Magic


You had 24 spell levels left.
You knew the following spells:

 Your Spells              Type           Power        Failure   Level  Hunger
a - Sandblast             Erth           ######       0%          1    None
b - Stone Arrow           Conj/Erth      ######       1%          3    None
c - Lee's Rapid Deconstr  Erth           ########..   0%          5    None
d - Petrify               Tmut/Erth      ########     1%          4    None
e - Borgnjor's Vile Clut  Necr/Erth      ########..   1%          5    None
g - Shatter               Erth           ########..   14%         9    None

Your spell library contained the following spells:

 Spells                   Type           Power        Failure   Level  Hunger
 Animate Skeleton         Necr           N/A          1%          1    None
 Pain                     Necr           ####         1%          1    None
 Summon Butterflies       Summ           #####...     1%          1    None
 Passwall                 Tmut/Erth      ########     1%          2    None
 Call Canine Familiar     Summ           #####...     1%          3    None
 Recall                   Summ/Tloc      N/A          1%          3    None
 Static Discharge         Conj/Air       #####...     1%          3    None
 Vampiric Draining        Necr           #####.....   1%          3    None
 Animate Dead             Necr           N/A          4%          4    None
 Summon Ice Beast         Ice/Summ       #####...     4%          4    None
 Summon Lightning Spire   Summ/Air       #####...     4%          4    None
 Summon Forest            Summ/Tloc      ######....   5%          5    None
 Agony                    Necr           #####...     12%         5    None
 Aura of Abjuration       Summ           #####.....   12%         5    None
 Lightning Bolt           Conj/Air       #####.....   12%         5    None
 Silence                  Hex/Air        #####.....   12%         5    None
 Summon Demon             Summ           #####.....   12%         5    None
 Summon Mana Viper        Hex/Summ       #####...     12%         5    None
 Lehudib's Crystal Spear  Conj/Erth      ########..   43%         8    None
 Conjure Ball Lightning   Conj/Air       #####.....   52%         6    None
 Death Channel            Necr           #####.....   52%         6    None
 Shadow Creatures         Summ           N/A          52%         6    None
 Simulacrum               Ice/Necr       #####.....   52%         6    None
 Summon Hydra             Summ           #####.....   97%         7    None
 Chain Lightning          Conj/Air       #####.....   100%        8    None
 Ignition                 Fire           #####.....   100%        8    None
 Absolute Zero            Ice            #####.....   100%        9    None
 Fire Storm               Conj/Fire      #####.....   100%        9    None
 Tornado                  Air            #####.....   100%        9    None


Dungeon Overview and Level Annotations

Branches:
Dungeon (15/15)            Temple (0/1) D:5            Lair (6/6) D:10
  Swamp (2/4) Lair:4       Spider (0/4) Lair:3        Slime (0/5) Lair:6
    Orc (2/2) D:11            Elf (3/3) Orc:2        Vaults (0/5) D:13
 Depths (0/5) D:15

Shops:
D:5 (   D:10 (   Orc:1 ?[   Orc:2 *=[*(   Elf:2 }   Elf:3 ?

Portals:
Trove: D:13 (give 12 potions of heal wounds)

Annotations:
Swamp:2 Nikola
Elf:1 6 runed translucent doors


Innate Abilities, Weirdness & Mutations

You have an increased reservoir of magic. (+10% MP)


Message History

The lightning arc hits you!
The lightning arc hits Nikola!
The lightning arc hits you!!
The lightning arc hits Nikola.
You hear a shout!
You hear a roar!
You hear a chilling moan. x3
Unknown command.
Unknown command.
Unknown command.
Casting: Shatter (quite dangerous; 14% risk of failure)
Confirm with . or Enter, or press ? or * to list all spells.
The spell is quite dangerous to cast (14% risk of failure)!
Continue anyway?
You feel a surge of power!
The dungeon rumbles!
Nikola is severely wounded.
Ka-crash!
You hear a roar!
You hear a chilling moan. x2
Nikola gestures wildly while chanting.
You hear a mighty clap of thunder!
The lightning arc hits you!
The lightning arc hits Nikola.
The lightning arc hits you!!
* * * LOW HITPOINT WARNING * * *
The lightning arc hits Nikola.
The lightning arc hits you!
You die...

♣♣... )...≈≈♣≈ ♣....
...≈≈.♣♣ ♣...≈ ≈.....§♣♣
♣... %.≈≈?@≈♣♣ ♣§≈≈ ♣
♣≈.≈....♣♣♣♣♣♣♣♣♣≈≈
♣≈♣≈≈≈.≈.≈≈♣♣≈≈≈≈...≈
♣♣♣≈≈.≈.≈♣ ♣♣♣≈<.≈≈≈≈≈
♣..≈♣@♣♣♣♣♣♣.♣≈..≈≈≈≈§
≈≈≈......≈≈≈≈.≈...≈≈≈≈≈.
♣♣........≈≈§...≈≈≈≈≈≈≈.
♣≈.≈§.≈≈≈.≈≈≈≈♣≈♣.≈≈≈≈.♣
≈≈..≈≈≈≈≈≈≈≈≈♣♣♣≈..≈≈≈.≈
≈♣≈.≈≈≈.≈♣≈≈≈♣♣♣...≈...≈
♣≈.≈≈.≈≈.≈÷.≈♣§♣♣♣.≈≈..
♣≈.≈≈≈..≈..≈♣♣♣♣♣.(≈≈≈≈
♣≈..≈≈≈.....♣ ♣≈≈.≈≈≈≈


You could see Nikola.

Vanquished Creatures
  Jorgrun (D:11)
  2 deep elf blademasters (Elf:3)
  2 deep elf master archers (Elf:3)
  Frances (D:12)
  A thorn hunter (Swamp:2)
  Agnes (Elf:2)
  3 deep elf sorcerers (Elf:3)
  Aizul (Swamp:1)
  3 orc warlords
  Louise (Swamp:1)
  4 deep elf elementalists
  5 deep elf demonologists
  3 deep elf annihilators (Elf:3)
  5 deep elf death magi
  Josephine (Swamp:1)
  2 ice dragons
  Fannar (Orc:1)
  8 hydras
  A fire dragon (D:14)
  6 deep elf high priests
  4 vault guards (D:13)
  4 catoblepae
  A shambling mangrove (Swamp:2)
  6 centaur warriors
  3 two-headed ogres
  28 dancing weapons
  7 death yaks (Lair:6)
  4 orc high priests
  14 deep elf knights
  2 deep trolls
  12 deep elf archers
  13 orc knights
  8 orc sorcerers
  A wolf spider (Lair:3)
  3 oklob plants (Lair:5)
  49 deep elf magi
  4 manticores
  15 ugly things
  9 slime creatures
  5 cyclopes
  11 elephants
  A moth of wrath (shapeshifter) (D:15)
  3 black mambas
  2 spiny frogs (shapeshifter)
  3 gargoyles
  2 kobold demonologists (D:13)
  A rime drake (shapeshifter) (D:14)
  2 efreet
  A yaktaur (D:14)
  8 spiny frogs
  5 komodo dragons
  2 jumping spiders (Lair:3)
  2 hornets
  A meliai (shapeshifter) (D:14)
  3 trolls
  7 polar bears
  A queen bee (shapeshifter) (D:13)
  A raiju (shapeshifter) (D:13)
  8 blink frogs
  9 hippogriffs
  A bog body (Swamp:2)
  5 tyrant leeches
  5 dream sheep (Lair:6)
  A centaur simulacrum (D:14)
  A meliai zombie (D:15)
  2 vampires
  3 shadows
  5 water elementals (Elf:1)
  2 air elementals
  5 wyverns
  4 wraiths
  A redback (Lair:3)
  56 yaks
  5 fire elementals (Elf:1)
  6 basilisks
  A steam dragon (D:10)
  Edmund (D:5)
  4 wargs
  8 swamp worms
  An insubstantial wisp (Swamp:2)
  2 acid dragons (D:15)
  11 water moccasins
  A floating eye (shapeshifter) (D:15)
  43 orc warriors
  3 swamp drakes
  3 porcupines (Lair:3)
  An eye of draining (D:15)
  7 ice beasts
  5 sky beasts
  3 black bears
  2 necrophages
  4 phantoms
  16 ogres
  A wolf (shapeshifter) (Elf:1)
  A hornet zombie (D:15)
  10 wolves (Lair:1)
  13 centaurs
  7 crocodiles
  6 big kobolds
  19 bullfrogs
  A wyvern zombie (D:6)
  A hornet simulacrum (D:10)
  8 scorpions
  A water moccasin skeleton (D:4)
  14 killer bees
  4 wights
  4 electric eels
  4 howler monkeys
  A centaur zombie (D:11)
  5 crimson imps
  4 quasits
  A bullfrog zombie (D:5)
  12 orc priests
  5 centaur skeletons
  2 bullfrog skeletons
  6 hounds
  4 jellies
  8 iguanas
  23 orc wizards
  6 hell rats
  13 worker ants
  A hound zombie (D:6)
  2 hound skeletons
  2 worker ant zombies
  8 gnolls
  10 adders
  6 shadow imps
  5 white imps
  A worker ant simulacrum (D:10)
  6 oozes
  An adder skeleton (D:8)
  4 adder zombies
  4 worms (D:3)
  3 dart slugs
  5 leopard geckos
  86 orcs
  9 bats
  3 giant cockroaches (D:1)
  6 goblins
  10 hobgoblins
  13 jackals
  6 quokkas
  6 frilled lizards
  A jackal zombie (D:5)
  33 kobolds
  2 leopard gecko skeletons
  A quokka skeleton (D:6)
  6 rats
  3 briar patches (Swamp:2)
  A bush (Lair:4)
  3 plants
966 creatures vanquished.

Vanquished Creatures (collateral kills)
  A hydra (Swamp:1)
  A deep elf mage (D:15)
  A manticore (D:15)
  A bog body (Swamp:1)
  A swamp worm (Swamp:1)
  4 insubstantial wisps (Swamp:1)
9 creatures vanquished.

Vanquished Creatures (others)
  A water elemental (Elf:1)
  2 orcs (Elf:1)
  23 fungi
  10 plants
36 creatures vanquished.

Grand Total: 1011 creatures vanquished

Notes
Turn   | Place    | Note
-------+----------+-------------------------------------------
     0 | D:1      | Johnny the Demigod Earth Elementalist began the quest for
                  | the Orb.
     0 | D:1      | Reached XP level 1. HP: 14/14 MP: 5/5
   133 | D:1      | Reached skill level 3 in Earth Magic
   156 | D:1      | Reached XP level 2. HP: 4/20 MP: 0/7
  1368 | D:2      | Found a sparkling altar of Nemelex Xobeh.
  1424 | D:2      | Reached XP level 3. HP: 19/26 MP: 5/9
  1838 | D:2      | Reached skill level 4 in Earth Magic
  1850 | D:2      | Reached XP level 4. HP: 24/33 MP: 1/10
  2888 | D:3      | Found a hide-covered altar of Uskayaw.
  2889 | D:3      | Found a basalt altar of Yredelemnul.
  2993 | D:3      | Found a snail-covered altar of Cheibriados.
  3061 | D:3      | Found a blossoming altar of Fedhas.
  3438 | D:3      | Reached XP level 5. HP: 38/38 MP: 8/12
  3759 | D:4      | Got a sapphire-encrusted ring mail
  3770 | D:4      | Identified the +1 ring mail of Melancholy {rPois MP+9
                  | Dex+3} (You found it on level 4 of the Dungeon)
  3876 | D:4      | Reached skill level 5 in Earth Magic
  3881 | D:4      | Learned a level 3 spell: Stone Arrow
  3887 | D:4      | Learned a level 5 spell: Lee's Rapid Deconstruction
  4275 | D:4      | Found a shimmering blue altar of Sif Muna.
  4534 | D:5      | Entered Level 5 of the Dungeon
  4535 | D:5      | Noticed Edmund
  4544 | D:5      | Killed Edmund
  4544 | D:5      | Reached XP level 6. HP: 38/45 MP: 13/14
  4642 | D:5      | Found a staircase to the Ecumenical Temple.
  4867 | D:5      | Reached skill level 6 in Earth Magic
  4974 | D:5      | Found Biga's Antique Weapon Shoppe.
  5421 | D:5      | Reached XP level 7. HP: 49/50 MP: 16/16
  5691 | D:6      | Reached skill level 7 in Earth Magic
  6082 | D:6      | Reached skill level 5 in Spellcasting
  6082 | D:6      | Reached skill level 8 in Earth Magic
  6082 | D:6      | Reached XP level 8. HP: 57/57 MP: 19/19
  6389 | D:6      | Found a radiant altar of Vehumet.
  6810 | D:7      | Reached skill level 9 in Earth Magic
  6937 | D:7      | Found a shimmering altar of Xom.
  6938 | D:7      | Found a shimmering altar of Xom.
  6958 | D:7      | Found a shimmering altar of Xom.
  7048 | D:7      | Noticed a hippogriff
  7094 | D:7      | Noticed a komodo dragon
  7924 | D:8      | Reached XP level 9. HP: 44/62 MP: 22/22
  8287 | D:8      | Found Roja's Magic Scroll Shop.
  8291 | D:8      | Bought a scroll of magic mapping for 42 gold pieces
  8291 | D:8      | Bought a scroll of teleportation for 36 gold pieces
  8291 | D:8      | Bought a scroll of teleportation for 36 gold pieces
  8291 | D:8      | Bought a scroll of fear for 42 gold pieces
  8291 | D:8      | Bought a scroll of identify for 24 gold pieces
  8291 | D:8      | Bought a scroll of teleportation for 36 gold pieces
  8320 | D:8      | Reached skill level 10 in Earth Magic
  8564 | D:8      | Got a brightly glowing graven amulet
  8669 | D:8      | Found a shadowy altar of Dithmenos.
  8934 | D:9      | Found a shimmering altar of Xom.
  8934 | D:9      | Found a glowing silver altar of Zin.
  8935 | D:9      | Found a sacrificial altar of Ru.
  8996 | D:9      | Found an opulent altar of Gozag.
  9438 | D:9      | You fall into a shaft and drop 1 floor!
  9438 | D:10     | Entered Level 10 of the Dungeon
  9569 | D:9      | Reached skill level 11 in Earth Magic
  9831 | D:9      | Reached XP level 10. HP: 66/69 MP: 23/25
 10135 | D:9      | Found a blossoming altar of Fedhas.
 10432 | D:10     | Found Pinuget's Weapon Emporium.
 10433 | D:10     | Identified the amulet "Coohoc" {Faith Str+2 Stlth+} (You
                  | found it on level 8 of the Dungeon)
 10847 | D:10     | Reached skill level 12 in Earth Magic
 11859 | D:10     | Found a staircase to the Lair.
 12069 | D:10     | Got a fine chain mail
 12277 | D:11     | Reached skill level 13 in Earth Magic
 12283 | D:11     | Reached XP level 11. HP: 64/74 MP: 27/28
 12888 | D:11     | Found a staircase to the Orcish Mines.
 13540 | D:12     | Identified the +7 chain mail of Negligence {rCorr Int+2
                  | Dex-3} (You found it on level 10 of the Dungeon)
 13745 | D:12     | Learned a level 4 spell: Petrify
 13951 | D:12     | Noticed Frances
 14121 | Orc:1    | Entered Level 1 of the Orcish Mines
 14125 | Orc:1    | Noticed Jorgrun
 14125 | Orc:1    | Noticed an orc knight
 14374 | Orc:1    | Noticed an orc knight
 14376 | Orc:1    | Noticed an orc warlord
 14394 | D:11     | Killed Jorgrun
 14394 | D:11     | Reached skill level 14 in Earth Magic
 14652 | D:11     | Killed an orc knight
 14776 | Orc:1    | Noticed an orc knight
 14996 | Orc:1    | Noticed a two-headed ogre
 15362 | D:11     | Killed an orc knight
 15495 | D:11     | Killed an orc knight
 15817 | Orc:1    | Noticed an orc knight
 15830 | D:11     | Killed a two-headed ogre
 15961 | Orc:1    | Noticed an orc knight
 15973 | D:11     | Killed an orc knight
 15973 | D:11     | Reached skill level 10 in Spellcasting
 16239 | D:11     | Killed an orc knight
 16429 | Orc:1    | Noticed an orc knight
 16679 | D:11     | Reached XP level 12. HP: 61/81 MP: 24/30
 16968 | Orc:1    | Killed an orc warlord
 16968 | Orc:1    | Reached skill level 15 in Earth Magic
 17483 | Orc:1    | Found Jayfaul's Antique Armour Shoppe.
 17483 | Orc:1    | Found Lobriul's Magic Scroll Boutique.
 17882 | Orc:1    | Bought a runed robe for 114 gold pieces
 17882 | Orc:1    | Bought a runed cloak for 232 gold pieces
 17885 | Orc:1    | Bought a scroll of teleportation for 45 gold pieces
 17885 | Orc:1    | Bought a scroll of blinking for 112 gold pieces
 17885 | Orc:1    | Bought a scroll of teleportation for 45 gold pieces
 18060 | Orc:1    | Found a roughly hewn altar of Beogh.
 18278 | Orc:2    | Entered Level 2 of the Orcish Mines
 18278 | Orc:2    | Found Jijext's Assorted Antiques.
 18278 | Orc:2    | Noticed an orc warlord
 18397 | Orc:2    | Found a staircase to the Elven Halls.
 18504 | Orc:1    | Noticed Fannar
 18731 | Orc:1    | Killed an orc warlord
 19144 | Orc:2    | Paralysed by an orc sorcerer for 5 turns
 19323 | Orc:2    | Reached skill level 16 in Earth Magic
 19639 | Orc:2    | Noticed an orc warlord
 19656 | Orc:2    | Killed an orc warlord
 20630 | Orc:2    | Bought a scroll of identify for 78 gold pieces
 20673 | Orc:2    | Found Fukaq's Jewellery Boutique.
 20686 | Orc:2    | Found Faedisio's General Store.
 20696 | Orc:2    | Reached XP level 13. HP: 86/86 MP: 30/33
 20708 | Orc:2    | Paralysed by an orc sorcerer for 2 turns
 21073 | Orc:2    | Paralysed by an orc sorcerer for 3 turns
 21404 | Orc:2    | Found Jadoezir's Antique Weapon Emporium.
 21434 | Orc:2    | Found Horghani's Antique Armour Emporium.
 21442 | Orc:2    | Bought a runed helmet for 202 gold pieces
 21641 | Orc:1    | Killed Fannar
 21957 | Lair:1   | Entered Level 1 of the Lair of Beasts
 23707 | Lair:3   | Reached skill level 17 in Earth Magic
 24453 | Lair:3   | Found a hole to the Spider Nest.
 24662 | Lair:4   | Found a staircase to the Swamp.
 25403 | Lair:4   | Reached skill level 1 in Shields
 27461 | Lair:6   | Entered Level 6 of the Lair of Beasts
 27883 | Lair:6   | Reached XP level 14. HP: 93/93 MP: 35/35
 27937 | Lair:6   | Found a viscous altar of Jiyva.
 27937 | Lair:6   | Found a staircase to the Slime Pits.
 28286 | Lair:6   | Reached skill level 18 in Earth Magic
 28943 | Lair:6   | Reached skill level 5 in Shields
 29341 | Lair:6   | Got a smelly scale mail
 29353 | Lair:6   | Identified the +2 scale mail of Uskayaw's Generosity {rPois
                  | Str+3 Stlth+} (You found it on level 6 of the Lair of
                  | Beasts)
 30397 | D:13     | Found a portal to a secret trove of treasure.
 31058 | D:13     | Found a gate to the Vaults.
 31935 | D:14     | Reached XP level 15. HP: 45/99 MP: 20/37
 32157 | D:14     | Reached skill level 19 in Earth Magic
 32540 | D:15     | Entered Level 15 of the Dungeon
 33632 | D:15     | Found a staircase to the Depths.
 34295 | D:12     | Killed Frances
 34304 | D:12     | Identified a scroll of acquirement
 34349 | D:12     | Acquired 3300 gold pieces
 34607 | Elf:1    | Entered Level 1 of the Elven Halls
 34765 | Elf:1    | Found a radiant altar of Vehumet.
 36661 | Elf:1    | Identified the +4 morningstar "Teppenil" {freeze, *Slow rF+
                  | rN+ Int+4}
 36750 | Elf:1    | Found a runed translucent gate.
 36750 | Elf:1    | Found a runed translucent gate.
 36750 | Elf:1    | Found a runed translucent gate.
 36750 | Elf:1    | Found a runed translucent gate.
 36750 | Elf:1    | Found a runed translucent gate.
 36751 | Elf:1    | Found a runed translucent gate.
 36751 | Elf:1    | Noticed a shadow dragon
 36856 | Orc:2    | Bought the ring "Iwaset" {Wiz rC+ Dex+4} for 733 gold
                  | pieces
 36901 | Orc:1    | Bought a scroll of blinking for 112 gold pieces
 36901 | Orc:1    | Bought a scroll of summoning for 142 gold pieces
 36901 | Orc:1    | Bought 3 scrolls of magic mapping for 157 gold pieces
 36901 | Orc:1    | Bought a scroll of holy word for 112 gold pieces
 37230 | Elf:2    | Noticed Agnes
 37233 | Elf:2    | Killed Agnes
 37234 | Elf:2    | Reached XP level 16. HP: 105/105 MP: 28/40
 37648 | Elf:2    | Found Iridesch's Gadget Boutique.
 37773 | Elf:2    | Reached skill level 15 in Spellcasting
 37934 | Elf:2    | Found a runed translucent gate.
 37934 | Elf:2    | Found a runed translucent gate.
 37934 | Elf:2    | Found a runed translucent gate.
 38866 | Elf:3    | Entered Level 3 of the Elven Halls
 39108 | Elf:3    | Found Feoder's Magic Scroll Emporium.
 39111 | Elf:3    | Bought a scroll of fog for 40 gold pieces
 39111 | Elf:3    | Bought a scroll of identify for 40 gold pieces
 39111 | Elf:3    | Bought a scroll of magic mapping for 70 gold pieces
 39111 | Elf:3    | Bought a scroll of identify for 40 gold pieces
 39111 | Elf:3    | Bought a scroll of identify for 40 gold pieces
 39111 | Elf:3    | Bought a scroll of identify for 40 gold pieces
 39376 | Elf:3    | Noticed a deep elf blademaster
 39382 | Elf:3    | Killed a deep elf blademaster
 39386 | Elf:3    | Noticed a deep elf master archer
 39389 | Elf:3    | Killed a deep elf master archer
 39766 | Elf:3    | Identified the +10 executioner's axe of Jiergh {speed,
                  | rElec rF+ MP+9}
 39796 | Elf:3    | Noticed a deep elf blademaster
 39804 | Elf:3    | Killed a deep elf blademaster
 39905 | Elf:3    | Noticed a deep elf master archer
 39906 | Elf:3    | Killed a deep elf master archer
 40297 | Elf:3    | Identified the cursed +2 quarterstaff of Gluttony {vorpal,
                  | rC+ Str+4}
 40324 | Elf:3    | Reached XP level 17. HP: 60/111 MP: 9/44
 41440 | Orc:2    | Learned a level 5 spell: Borgnjor's Vile Clutch
 41450 | Orc:2    | Learned a level 9 spell: Shatter
 41653 | Swamp:1  | Entered Level 1 of the Swamp
 41886 | Swamp:1  | Got a twisted leather armour
 41965 | Swamp:1  | Noticed Louise
 41967 | Swamp:1  | Noticed Josephine
 41973 | Swamp:1  | Killed Louise
 41973 | Swamp:1  | Reached skill level 1 in Translocations
 41982 | Swamp:1  | Killed Josephine
 41982 | Swamp:1  | Noticed Aizul
 42260 | Swamp:1  | Killed Aizul
 43675 | Swamp:2  | Noticed Nikola
 43678 | Swamp:2  | HP: 3/111 [Nikola/chain lightning (33)]
 43678 | Swamp:2  | Killed from afar by Nikola

Illustrated notes

Levels and vault maps discovered:
D:1:      minmay_arrival_up_and_down, layout_rooms
D:2:      layout_basic, nemelex_xobeh_ov_fountains_minmay
D:3:      layout_rooms, cheibriados_altar_1, nicolae_overflow_hidden_temple
D:4:      layout_loops_cross, first_ration, lemuel_blue_sif_altar
D:5:      layout_loops_ring, minmay_temple_entry_crystal_x, serial_shops,
          kennysheep_little_box, minmay_misc_feat_rugged, grunt_decor_clamped,
          uniq_edmund
D:6:      minmay_chambers_of_threes, layout_basic,
          lemuel_coloured_pillars_altar, minmay_fractal_squares_diagonal_5
D:7:      layout_basic, xom_shifter_show
D:8:      layout_basic, nicolae_overflow_crystal_walls, serial_shops,
          nicolae_shop_crystal, hangedman_little_slice_of_home,
          kennysheep_big_empty_room, grunt_ministairs_10, minivault_26
D:9:      layout_loops_corners, nicolae_overflow_quartered_altars,
          fedhas_altar_1
D:10:     layout_loops_ring, erik_lair_dragon, serial_ice, serial_ice_o,
          serial_ice_n, serial_ice_a, serial_ice_i, serial_shops, shop
D:11:     layout_roguey, david_orc_3, kennysheep_small_square
D:12:     layout_long_grid, uniq_frances
D:13:     layout_rooms, lightli_vaults_fourway_checkpoint, enter_trove_1
D:14:     layout_cave_pools, chequers_serial_rivers_micro_d, minivault_28
D:15:     hangedman_depths_entry_civil_slaughter, layout_loops_ring,
          minmay_misc_feat_tiny
Lair:1:   layout_roguey, serial_bayou_shore_b
Lair:2:   layout_chaotic_city
Lair:3:   layout_chaotic_city, spider_nest_entry_funnel_web
Lair:4:   layout_small_grid, swamp_mist, serial_forest,
          infiniplex_forest_side_room, infiniplex_forest_clump_diagonal,
          infiniplex_forest_lined_corner, infiniplex_forest_lined_room_2,
          infiniplex_forest_clump_diagonal, infiniplex_forest_lined_room_2,
          infiniplex_forest_lined_3, infiniplex_forest_straight_4,
          infiniplex_forest_end_3, infiniplex_forest_corner_2,
          beast_lair_carwin_7
Lair:5:   layout_regular_city, bobbens_ice_dragon_lair,
          minmay_lair_oklob_chamber
Lair:6:   evilmike_catoblepas_cave, layout_concentric_octagons,
          dpeg_slime_entry_enclosed_altar, serial_bayou_shore_a,
          infiniplex_staircase_pool
Swamp:1:  layout_basic_swamp, evilmike_swamp_ruin_house_1, swamp_pool1,
          nicolae_swamp_very_dense_foliage, uniq_josephine, uniq_louise,
          uniq_aizul
Swamp:2:  layout_basic_swamp, evilmike_swamp_ruin_rubble_1, uniq_donald,
          uniq_nikola
Orc:1:    layout_diamond_mine, basic_altar, guppyfry_orc_lava_fort,
          uniq_jorgrun, uniq_fannar
Orc:2:    grunt_orc_gardens, layout_diamond_mine, grunt_orc_garden,
          grunt_orc_garden, grunt_orc_garden, grunt_orc_garden, serial_shops,
          nicolae_shop_overgrown_old_shop
Elf:1:    eino_elf_arrival_altar, layout_loops_ring, orc_legates,
          feat_on_display
Elf:2:    layout_geoelf_octagon, serial_shops, nicolae_shop_stone, kb_rosetta,
          uniq_agnes
Elf:3:    grunt_elf_hall_diamonds, layout_geoelf_castle, serial_shops,
          nicolae_shop_behind_doors, grunt_ministairs_12, drop_trap,
          dk_noncrumbling_3

Skill      XL: |  1  2  3  4  5  6  7  8  9 10 11 12 13 14 15 16 17 |
---------------+----------------------------------------------------+-----
Earth Magic    | 3 4 5 6 8 9 11 13 14 16 17 18 19 | 19.7
Spellcasting   | 2 3 4 5 6 7 8 10 11 12 13 14 17 | 17.9
Shields        | 3 6 7 |  7.8
Translocations | 4 |  4.3
Dodging        | |  1.7
Stealth        | |  1.7
Transmutations | |  0.8

Action                   |  1- 3 |  4- 6 |  7- 9 | 10-12 | 13-15 | 16-18 || total
-------------------------+-------+-------+-------+-------+-------+-------++-------
Melee: Dagger            |    71 |    71 |       |       |       |       ||   142
       Unarmed           |     1 |       |       |       |       |       ||     1
       Flail             |       |    46 |   113 |    29 |       |       ||   188
       Scimitar          |       |       |       |   236 |   321 |     1 ||   558
       Katana            |       |       |       |       |       |     8 ||     8
Throw: Stone             |       |       |       |       |     1 |       ||     1
 Cast: Sandblast         |    35 |    69 |   137 |    79 |   137 |    19 ||   476
       Stone Arrow       |       |       |     7 |   115 |   148 |   119 ||   389
       Lee's Rapid Decon |       |       |     4 |   139 |   310 |   145 ||   598
       Petrify           |       |       |       |    23 |     9 |     6 ||    38
       Shatter           |       |       |       |       |       |     8 ||     8
Evoke: Wand              |       |       |       |    12 |    25 |     9 ||    46
       Tin of tremorston |       |       |       |       |     3 |       ||     3
  Use: Scroll            |       |     8 |     7 |     8 |    13 |    15 ||    51
       Potion            |       |       |       |     1 |     4 |     3 ||     8
 Stab: Sleeping          |       |     2 |     4 |     6 |     2 |       ||    14
       Paralysed         |       |       |       |     8 |       |       ||     8
       Distracted        |       |       |       |       |     1 |       ||     1
  Eat: Chunk             |     2 |    12 |    14 |    26 |    34 |    11 ||    99
       Ration            |       |       |       |     6 |     5 |     4 ||    15
Armor: Robe              |     2 |       |       |       |       |    20 ||    22
       Ring mail         |    38 |    66 |   102 |   295 |   357 |    12 ||   870
Dodge: Dodged            |    47 |    82 |   126 |   290 |   331 |    44 ||   920
Block: Buckler           |       |       |       |       |    62 |    31 ||    93
       Rpst.: Scimitar   |       |       |       |    79 |    86 |     3 ||   168
       Katana            |       |       |       |       |       |     8 ||     8
